cohdb
Replays
Latest Replays
All Replays
Popular Replays
Top Player Replays
Match Explorer
How It Works
Community
CoH3 Stats
Reddit
Sign in to upload your games and track your stats! →
Sign in with Steam
Match 42219644
Unlisted
Match 42219644
Overview
Messages
Build Orders
End
Construct Section Command Post
Royal Engineer Section
Selects Canadian Shock Battlegroup
Dingo Light Scout Car
Infantry Section
Infantry Section
Construct Platoon Command Post
Selects Attacking Spirit
Selects Canadian Shock Section
Humber Armored Car
Grenade Package
Canadian Shock Section
Selects Incendiary Munitions
Selects Pyrotechnics
Canadian Shock Section
6-pounder Anti-tank Gun Team
Construct Company Command Post
Bootyquake
影子
0
0
Comments
sign in to comment!
No comments posted yet!